 Dungeon Crawl Stone Soup version 0.31.0-12-g77e489cdc1 (webtiles) character file.

Game seed: 11697492624660763436

1305 Peloso the Slasher (level 8, -2/70 HPs)
             Began as a Minotaur Fighter on Feb 28, 2024.
             Slain by a vampire (7 damage)
             ... on level 6 of the Dungeon.
             The game lasted 00:07:37 (4935 turns).

Peloso the Slasher (Minotaur Fighter)               Turns: 4935, Time: 00:07:38

Health: -2/70      AC: 11    Str: 22    XL:     8   Next: 31%
Magic:  7/7        EV:  9    Int:  5    God:
Gold:   205        SH:  5    Dex: 11    Spells: 7/7 levels left

rFire   . . .        a - +0 long sword
rCold   . . .        d - +0 buckler
rNeg    . . .        c - +1 chain mail
rPois   .            (helmet restricted)
rElec   .            (no cloak)
rCorr   .            (no gloves)
SInv    .            (no boots)
Will    +....        (no amulet) Stlth
                     f - ring of willpower
HPRegen 0.31/turn    (no ring)
MPRegen 0.10/turn

%: no passive effects
@: mighty
A: horns 2, retaliatory headbutt
a: no special abilities


You were on level 6 of the Dungeon.
You visited 2 branches of the dungeon, and saw 7 of its levels.

You collected 205 gold pieces.

Inventory:

Hand Weapons
 a - a +0 long sword (weapon)
Missiles
 e - 2 throwing nets (quivered)
Armour
 b - a +0 scale mail
 c - a +1 chain mail (worn)
 d - a +0 buckler (worn)
Jewellery
 f - a ring of willpower (left hand)
 j - an amulet of regeneration
 q - a ring of protection from cold
Wands
 k - a wand of paralysis (5)
 s - a wand of flame (20)
Scrolls
 g - a scroll of silence
 i - a scroll of identify
 l - 3 scrolls of poison {unknown}
 n - a scroll of fear {unknown}
Potions
 m - 2 potions of brilliance
 o - a potion of curing {unknown}
 r - a potion of enlightenment {unknown}
 t - a potion of mutation {unknown}


   Skills:
 + Level 6.1 Fighting
 + Level 7.8 Long Blades
 + Level 7.2 Armour
 + Level 2.8 Dodging
 + Level 0.7 Stealth
 + Level 5.1 Shields


You had 7 spell levels left.
You didn't know any spells.
Your spell library contained the following spells:

 Spells                   Type           Power      Damage    Failure   Level
 Ensorcelled Hibernation  Hex/Ice        0%         N/A       99%         2
 Fugue of the Fallen      Necr           0%         N/A       100%        3
 Ozocubu's Armour         Ice            0%         N/A       100%        3
 Passwall                 Erth           0%         N/A       100%        3
 Swiftness                Air            0%         N/A       100%        3
 Anguish                  Hex/Necr       0%         N/A       100%        4
 Metabolic Englaciation   Hex/Ice        0%         N/A       100%        5
 Sculpt Simulacrum        Ice/Alch       0%         N/A       100%        6


Dungeon Overview and Level Annotations

Branches:
Dungeon (6/15)             Temple (1/1) D:6

Altars:
Ashenzari
Cheibriados
Dithmenos
Elyvilon
Fedhas
Gozag
Hepliaklqana
Kikubaaqudgha
Makhleb
Nemelex Xobeh
Qazlal
Sif Muna
Trog
Uskayaw
Vehumet
Wu Jian
Yredelemnul
Zin
The Shining One

Shops:
D:5 *   D:6 =


Innate Abilities, Weirdness & Mutations

You have a pair of horns on your head.
You reflexively headbutt those who attack you in melee.


Message History

Something draws strength from your injuries!
Unknown command.
You hit something. Your headbutt misses something. Something hits you.
* * * LOW HITPOINT WARNING * * *
Something bites you.
* * * LOW HITPOINT WARNING * * *
Something draws strength from your injuries!
Okay, then.
You feel much better. You block something's attack.
Something bites you but does no damage.
You feel very mighty all of a sudden. Something hits you but does no damage.
Something bites you.
Something draws strength from your injuries!
Unknown command.
You barely miss something. You headbutt something.
Something completely misses you. Something bites you!
Something draws strength from your injuries!
You closely miss something. Your headbutt misses something. Something hits you!
* * * LOW HITPOINT WARNING * * *
Something bites you.
* * * LOW HITPOINT WARNING * * *
Something draws strength from your injuries!
Something hits you but does no damage. Something bites you.
* * * LOW HITPOINT WARNING * * *
Something draws strength from your injuries!
You feel much better. Something hits you!
* * * LOW HITPOINT WARNING * * *
Something bites you.
* * * LOW HITPOINT WARNING * * *
Something draws strength from your injuries!
Unknown command.
You miss something. Your headbutt misses something. Something hits you!
* * * LOW HITPOINT WARNING * * *
Something bites you but does no damage.
You closely miss something. Something hits you but does no damage.
Something bites you but does no damage.
You miss something. You headbutt something. Something hits you.
* * * LOW HITPOINT WARNING * * *
Something bites you!
You die...

######.#...# #.#
.......##### #.#
..###....#######.#
.#.#.#.#.#.......#
.##∩##.#.....#####
.#.#.#.###.#.#
..###..# #.#.#
.......#
#.#.########.#
#####..#
#.#....@{....#
......##
#.########.....
...#### #.. ...
...# ### . ...# #.
#.#.# ...#
..##.#.### ...#
#...#...#### ####
#..........#
###+...#.#...#


There were no monsters in sight!

Vanquished Creatures
  Pikel (D:5)
  Sigmund (D:3)
  Pargi (D:3)
  A black bear (D:5)
  A bullfrog (D:6)
  A scorpion (D:4)
  A jelly (D:5)
  A hound (D:5)
  An orc priest (D:3)
  Jessica (D:3)
  A sleepcap (D:5)
  3 orc wizards
  6 adders
  A shadow imp (D:6)
  A white imp (D:5)
  6 dart slugs
  11 orcs
  4 ball pythons
  7 bats
  8 endoplasms
  3 giant cockroaches
  7 goblins
  6 hobgoblins
  6 jackals
  9 kobolds
  4 quokkas
  A frilled lizard (D:2)
  3 rats
97 creatures vanquished.

Notes
Turn   | Place    | Note
-------+----------+-------------------------------------------
     0 | D:1      | Peloso the Minotaur Fighter began the quest for the Orb.
     0 | D:1      | Reached XP level 1. HP: 19/19 MP: 0/0
   577 | D:1      | Reached XP level 2. HP: 27/27 MP: 1/1
  1082 | D:2      | Reached XP level 3. HP: 28/33 MP: 2/2
  1763 | D:3      | Noticed Sigmund
  1844 | D:3      | Killed Sigmund
  1845 | D:3      | Reached skill level 5 in Fighting
  1845 | D:3      | Reached skill level 5 in Armour
  1845 | D:3      | Reached skill level 1 in Dodging
  1845 | D:3      | Reached XP level 4. HP: 25/42 MP: 0/3
  1845 | D:3      | Reached XP level 5. HP: 28/48 MP: 0/4
  1960 | D:3      | Found an ancient bone altar of Kikubaaqudgha.
  2170 | D:3      | Reached XP level 6. HP: 49/56 MP: 5/5
  2329 | D:3      | Found a hide-covered altar of Uskayaw.
  2398 | D:3      | Noticed Pargi
  2407 | D:3      | Killed Pargi
  2649 | D:3      | Noticed Jessica
  2655 | D:3      | Killed Jessica
  3338 | D:4      | Found a white marble altar of Elyvilon.
  3391 | D:4      | You fall into a shaft and drop 1 floor!
  3391 | D:5      | Entered Level 5 of the Dungeon
  3560 | D:4      | Reached skill level 5 in Long Blades
  3560 | D:4      | Reached skill level 5 in Shields
  3560 | D:4      | Reached XP level 7. HP: 53/61 MP: 6/6
  3945 | D:5      | Found Caasch's General Store.
  4091 | D:5      | Found a snail-covered altar of Cheibriados.
  4113 | D:5      | Noticed Pikel
  4132 | D:5      | Killed Pikel
  4133 | D:5      | Reached XP level 8. HP: 12/70 MP: 7/7
  4577 | D:6      | Found a staircase to the Ecumenical Temple.
  4591 | Temple   | Entered the Ecumenical Temple
  4834 | D:6      | Found Bodwoinn's Jewellery Shoppe.
  4927 | D:6      | HP: 1/70 [something (4)]
  4935 | D:6      | Slain by a vampire

Illustrated notes

Levels and vault maps discovered:
D:1:      dpeg_arrival_houses_and_road, layout_basic
D:2:      layout_basic
D:3:      layout_loops_ring, mainiacjoe_overflow_surrounded_room,
          lemuel_doored_altar, kennysheep_minor_cross, uniq_pargi, uniq_sigmund,
          uniq_jessica
D:4:      layout_loops_ring, nicolae_elyvilon_peaceful_grove, st_stairs_11
D:5:      layout_basic, kennysheep_slug_shrine, serial_shops,
          nicolae_shop_peninsula, uniq_pikel
D:6:      minmay_angry_zag, layout_basic, minmay_temple_entry_grid,
          serial_shops, nicolae_shop_gaudy_bauble
Temple:   nicolae_temple_superstar

Skill      XL: |  1  2  3  4  5  6  7  8 |
---------------+-------------------------+-----
Fighting       | 4 5 6 |  6.1
Armour         | 4 5 6 7 |  7.2
Shields        | 4 5 |  5.1
Long Blades    | 3 4 5 7 |  7.8
Dodging        | 1 2 |  2.8
Stealth        | |  0.7

Action                     |  1- 3 |  4- 6 |  7- 9 || total
---------------------------+-------+-------+-------++-------
  Melee: Long sword        |   101 |   110 |    97 ||   308
         Headbutt          |    12 |    17 |    25 ||    54
  Evoke: Wand              |       |       |     2 ||     2
    Use: Potion            |     2 |     1 |     3 ||     6
         Scroll            |     2 |     3 |     2 ||     7
   Stab: Paralysed         |       |       |     8 ||     8
 Armour: Scale mail        |   104 |    16 |       ||   120
         Chain mail        |       |    71 |   104 ||   175
  Dodge: Dodged            |    58 |    50 |    23 ||   131
  Block: Buckler           |    31 |    37 |     8 ||    76
